Map: Deathaura LE

Players

NXZ - Winner!

  • Race: Zerg Zerg
  • Spawn Location: 5:00

EnDerr

  • Race: Zerg Zerg
  • League: Master
  • Spawn Location: 11:00

Event: DreamHack SC2 Masters 2020 Summer Oceania RoA

VOD

Have the link to the VOD?

Description

Time

  • Played on: June 24, 2020, 6:12 a.m.
  • Length: 12:07

All games in this series

Show
View Real Time Build Order
Export as new Build Order

NXZ Zerg - Winner!

Build Orders: Hatch First, Zergling Baneling 

Get SALT Encoding   

  12  0:00  Drone  
  13  0:12  Overlord  
  13  0:17  Drone  
  14  0:31  Drone x2  
  16  0:47  Hatchery  
  15  0:51  Drone  
  15  0:54  Drone  
  17  0:57  Drone  
  18  1:09  Extractor  
  17  1:13  Spawning Pool  
  17  1:16  Drone  
  17  1:20  Drone  
  18  1:28  Drone  
  19  1:39  Drone  
  20  1:46  Evolution Chamber  
  19  1:50  Drone  
  20  1:59  Queen  
  20  2:00  Overlord, Queen  
  24  2:04  Zergling x2  
  25  2:12  Zerg Melee Weapons Level 1  
  25  2:13  Drone  
  26  2:16  Drone  
  26  2:20  Drone  
  29  2:22  Drone  
  29  2:31  Drone  
  29  2:33  Drone  
  31  2:46  Metabolic Boost  
  31  2:50  Hatchery  
  30  2:52  Drone  
  30  2:55  Zergling x2  
  32  2:58  Overlord  
  32  3:02  Drone  
  33  3:08  Baneling Nest  
  33  3:12  Drone x2  
  34  3:13  Drone  
  34  3:17  Drone x2  
  37  3:21  Drone  
  37  3:24  Overlord  
  37  3:35  Zergling x8  
  37  3:41  Zergling x4  
  43  3:46  Overlord  
  43  3:50  Drone x2  
  43  3:51  Baneling, Drone  
  43  3:52  Baneling x2  
  43  3:53  Zergling x4  
  43  3:54  Baneling  
  43  3:55  Baneling  
  48  3:58  Zergling x2  
  50  4:02  Zergling x2  
  50  4:03  Zergling x2  
  50  4:05  Queen  
  53  4:14  Zergling x10  
  53  4:16  Baneling  
  55  4:20  Zergling x6  
  57  4:28  Zergling x2  
  57  4:29  Zergling x4  
  46  4:40  Zergling x6  
  46  4:44  Zergling x2  
  46  4:45  Zergling x2  
  48  4:48  Zergling x2  
  48  4:52  Baneling x2  
  49  4:56  Zergling x6  
  50  5:01  Zergling x2  
  50  5:02  Zergling x4  
  50  5:03  Baneling x2  
  53  5:08  Zergling x4  
  53  5:10  Zergling x2  
  55  5:17  Zergling x2  
  55  5:18  Zergling x6  
  49  5:22  Zergling x4  
  49  5:32  Zergling x14  
  49  5:34  Baneling x3  
  53  5:39  Baneling  
  53  5:40  Baneling x2  
  53  5:42  Zergling x4  
  50  5:48  Zergling x6  
  49  5:53  Drone  
  49  5:54  Drone  
  46  6:06  Zergling x10  
  50  6:14  Baneling x2  
  50  6:17  Baneling  
  50  6:19  Baneling  
  50  6:26  Zergling x4  
  50  6:27  Zergling x10  
  50  6:29  Baneling  
  50  6:34  Zergling x4  
  50  6:35  Zergling x2  
  50  6:39  Baneling  
  50  6:41  Zergling x6  
  49  6:52  Zergling x2  
  49  6:53  Zergling x8  
  54  7:01  Baneling x3  
  51  7:03  Zergling x8  
  54  7:15  Zergling x10  
  59  7:16  Baneling x2  
  59  7:22  Zergling x6  
  58  7:31  Baneling  
  56  7:38  Zergling x14  
  56  7:43  Zergling x2  
  56  7:44  Zergling x2  
  53  7:57  Baneling x3  
  50  8:00  Zergling x12  
  50  8:01  Zergling x2  
  50  8:04  Zergling x2  
  53  8:27  Zergling x2  
  53  8:28  Zergling x18  
  59  8:35  Zergling x2  
  51  8:43  Baneling x2  
  42  8:48  Zergling x2  
  42  8:49  Zergling x6  
  42  8:52  Zergling x4  
  42  8:54  Zergling x2  
  47  9:02  Zergling x12  
  50  9:05  Baneling  
  50  9:06  Baneling x4  
  48  9:22  Zergling x2  
  48  9:23  Zergling x6  
  41  9:39  Zergling x4  
  43  9:46  Queen x2  
  43  9:50  Baneling x2  
  43  9:51  Baneling x2  
  45  9:55  Zergling x2  
  45  9:56  Zergling x2  
  45  9:57  Hatchery  
  45  10:10  Zergling x2  
  45  10:11  Zergling x6  
  49  10:17  Baneling  
  49  10:18  Baneling  
  49  10:19  Zergling x2  
  48  10:22  Zergling x2  
  48  10:30  Zergling x2  
  46  10:38  Zergling x4  
  43  10:43  Zergling x2  
  43  10:45  Baneling x2  
  43  10:48  Zergling x2  
  45  10:53  Zergling x4  
  42  10:58  Zergling x2  
  42  10:59  Baneling, Zergling x6  
  42  11:00  Baneling  
  42  11:03  Zergling x4  
  41  11:11  Zergling x2  
  41  11:12  Zergling x4  
  44  11:18  Baneling x2  
  44  11:21  Zergling x4  
  44  11:25  Zergling x2  
  47  11:29  Baneling  
  47  11:30  Baneling x3  
  47  11:32  Zergling x6  
  50  11:45  Baneling  
  47  11:47  Zergling x12  
  47  11:50  Zergling x2  
Show
View Real Time Build Order
Export as new Build Order

EnDerr Zerg 

Build Orders: 3 Hatch before Pool, Zergling Baneling 

Get SALT Encoding   

  12  0:00  Drone  
  13  0:09  Drone  
  14  0:17  Overlord  
  14  0:35  Drone  
  14  0:36  Drone x2  
  17  0:53  Hatchery  
  17  0:56  Drone  
  17  1:00  Drone  
  18  1:09  Drone  
  19  1:24  Hatchery  
  18  1:32  Extractor  
  17  1:38  Spawning Pool  
  16  1:40  Drone  
  16  1:43  Drone  
  18  1:47  Drone  
  19  1:55  Drone  
  20  2:03  Drone  
  20  2:05  Drone  
  22  2:13  Drone  
  23  2:16  Drone  
  24  2:25  Queen  
  24  2:26  Zergling x4  
  28  2:34  Metabolic Boost  
  28  2:36  Queen  
  30  2:42  Queen  
  32  2:47  Overlord  
  32  2:51  Drone  
  32  2:52  Drone  
  34  3:00  Baneling Nest  
  33  3:08  Zergling x8  
  37  3:14  Overlord  
  37  3:18  Drone x2  
  39  3:20  Drone  
  38  3:34  Zergling x12  
  38  3:37  Zergling x2  
  38  3:40  Zergling x2  
  46  3:45  Zergling x6  
  49  3:53  Overlord x2  
  49  3:59  Baneling x5  
  49  4:04  Zergling x2  
  48  4:14  Zergling x2  
  48  4:15  Zergling x8  
  50  4:18  Zergling x6  
  50  4:22  Zergling x2  
  51  4:30  Zergling x8  
  51  4:35  Zergling x4  
  51  4:37  Zergling x2  
  52  4:42  Zergling x2  
  52  4:48  Zergling x2  
  52  4:53  Zergling x6  
  52  4:55  Zergling x2  
  52  4:57  Baneling x2  
  52  4:58  Baneling x2  
  52  5:00  Baneling x3  
  52  5:02  Drone  
  52  5:04  Drone  
  52  5:06  Drone  
  55  5:08  Drone  
  55  5:14  Zergling x4  
  56  5:18  Zergling x4  
  56  5:19  Baneling  
  56  5:20  Baneling x2  
  56  5:24  Drone x2  
  56  5:27  Zergling x2  
  56  5:30  Zergling x2  
  56  5:31  Zergling x2  
  56  5:33  Zergling x2  
  56  5:34  Zergling x2  
  58  5:37  Zergling x2  
  58  5:40  Zergling x4  
  56  5:43  Zergling x2  
  53  5:50  Zergling x6  
  53  5:56  Zergling x2  
  55  6:02  Zergling x2  
  56  6:11  Baneling x4  
  54  6:12  Zergling x6  
  54  6:15  Zergling x2  
  58  6:19  Zergling x4  
  58  6:20  Baneling  
  58  6:21  Zergling x4  
  61  6:31  Zergling x2  
  58  6:33  Zergling x2  
  58  6:35  Zergling x2  
  58  6:37  Zergling x6  
  58  6:38  Zergling x2  
  58  6:39  Zergling x2  
  62  6:41  Zergling x4  
  62  6:42  Overlord, Zergling x2  
  62  6:43  Overlord x2  
  65  6:49  Zergling x2  
  65  6:52  Zergling x4  
  65  6:55  Baneling x3  
  65  6:58  Zergling x6  
  65  6:59  Zergling x4  
  64  7:03  Drone  
  64  7:06  Drone  
  66  7:13  Baneling x3  
  64  7:17  Zergling x6  
  64  7:20  Baneling  
  66  7:23  Zergling x2  
  66  7:30  Zergling x2  
  66  7:32  Zergling x2  
  66  7:36  Zergling x4  
  68  7:40  Zergling x2  
  68  7:41  Zergling x2  
  68  7:43  Zergling x10  
  68  7:44  Zergling x2  
  70  7:50  Drone  
  59  7:52  Zergling x2  
  59  7:53  Zergling x4  
  59  7:55  Baneling x4, Zergling x2  
  59  8:01  Zergling x4  
  59  8:06  Zergling x4  
  59  8:10  Zergling x4  
  63  8:16  Baneling x2  
  60  8:20  Zergling x4  
  60  8:21  Zergling x2  
  62  8:28  Zergling x2  
  62  8:31  Zergling x6  
  62  8:32  Zergling x2  
  61  8:38  Zergling x2  
  45  8:46  Zergling x2  
  45  8:47  Zergling x6  
  41  8:49  Zergling x2  
  39  8:59  Drone x2  
  39  9:02  Drone  
  41  9:07  Baneling x2  
  36  9:12  Drone x2  
  35  9:27  Zergling x8  
  35  9:28  Zergling x2  
  40  9:31  Zergling x2  
  40  9:37  Zergling x2  
  37  9:40  Drone x3  
  37  9:44  Zergling x2  
  39  9:48  Baneling x2  
  39  9:49  Baneling  
  39  9:53  Zergling x2  
  40  10:03  Zergling x2  
  41  10:10  Zergling x6  
  42  10:15  Zergling x4  
  42  10:16  Zergling x2  
  42  10:19  Zergling x4  
  45  10:22  Baneling  
  44  10:29  Zergling x2  
  44  10:30  Baneling x2  
  44  10:32  Zergling x2  
  38  10:38  Zergling x4  
  38  10:42  Zergling x2  
  35  10:44  Baneling  
  35  10:47  Zergling x6  
  31  10:55  Drone x2  
  31  10:58  Zergling x2  
  26  11:11  Zergling x4  
  26  11:15  Drone x2  
  30  11:19  Baneling  
  30  11:22  Zergling x2  
  30  11:27  Zergling x2  
  31  11:33  Baneling  
  31  11:36  Zergling x2  
  32  11:44  Zergling x2  
  32  11:45  Zergling x4  
  29  11:48  Baneling  
Tags
 
Add a new tag
Caveats
  • Supply blocks, unpowered buildings, or Contaminate may cause inaccurate times.
  • Supply counts are checked every 10 seconds.